 Dungeon Crawl Stone Soup version 0.29-a0-337-g68df138881 (webtiles) character file.

Game seed: 5250391403744808450

3100 zeratav the Destroyer (level 9, -9/51 HPs)
             Began as an Octopode Conjurer on Apr 16, 2022.
             Was an Elder of Sif Muna.
             Killed from afar by an acid dragon (26 damage)
             ... with a splash of acid
             ... on level 9 of the Dungeon.
             The game lasted 00:23:05 (10334 turns).

zeratav the Destroyer (Octopode Conjurer)          Turns: 10334, Time: 00:23:06

Health: -9/51      AC:  1    Str:  6    XL:     9   Next: 90%
Magic:  12/16      EV: 12    Int: 25    God:    Sif Muna [****..]
Gold:   226        SH:  4    Dex: 10    Spells: 11/18 levels left

rFire   . . .      SeeInvis .   p - +6 dagger (venom) {short}
rCold   . . .      Faith    +   E - +0 buckler
rNeg    . . .      Spirit   .   (helmet restricted)
rPois   .          Reflect  .   d - amulet of faith {!P}
rElec   .          Harm     .   f - +4 ring of protection
rCorr   .          Rampage  .   C - ring of flight
Will    .....                   (no ring)
Stlth   +++.......              (no ring)
HPRegen 0.17/turn               (no ring)
MPRegen 0.15/turn               (no ring)
                                (no ring)
                                (no ring)

@: corroded, flying
A: almost no armour, amphibious, 8 rings, camouflage 1, gelatinous body 1,
(nimble swimmer 1), tentacles
a: Renounce Religion, Channel Magic, Forget Spell, Divine Exegesis


You were on level 9 of the Dungeon.
You worshipped Sif Muna.
Sif Muna was greatly pleased with you.
You visited 1 branch of the dungeon, and saw 7 of its levels.
You also visited: Sewer.

You collected 338 gold pieces.
You spent 112 gold pieces at shops.


Innate Abilities, Weirdness & Mutations

You cannot wear most types of armour.
You are amphibious.
You can wear up to eight rings at the same time.
Your skin changes colour to match your surroundings (Stealth+).
Your rubbery body absorbs attacks. (AC +1, EV +1)
((You are camouflaged when in or above water. (Stealth+)))
You have tentacles for arms and can constrict up to eight enemies at once.


   Skills:
 - Level 2.0 Dodging
 - Level 2.6 Stealth
 - Level 4.0 Shields
 - Level 5.0 Spellcasting
 * Level 11.5 Conjurations
 - Level 4.0 Translocations
 + Level 2.0 Invocations


You had 11 spell levels left.
You knew the following spells:

 Your Spells              Type           Power      Damage    Failure   Level
a - Magic Dart            Conj           100%       1d8       1%          1
b - Searing Ray           Conj           100%       2d8       1%          2
c - Iskenderun's Mystic   Conj/Tloc      45%        2d10      4%          4

Your spell library contained the following spells:

 Spells                   Type           Power      Damage    Failure   Level
 Foxfire                  Conj/Fire      100%       2x1d9     1%          1
 Conjure Flame            Conj/Fire      35%        6-21      3%          3
 Dazzling Flash           Conj/Hex       70%        N/A       3%          3
 Flame Wave               Conj/Fire      35%        2d8       10%         4
 Fulminant Prism          Conj/Hex       17%        3d11      10%         4
 Inner Flame              Hex/Fire       6%         N/A       30%         3

Inventory:

Hand Weapons
 c - a +0 quick blade {shortrare=g}
   (You found it on level 1 of the Dungeon)
 p - a +6 dagger of venom (weapon) {short}
   (You took it off Jessica on level 2 of the Dungeon)
Armour
 E - a +0 buckler (worn)
   (You bought it in a shop on level 5 of the Dungeon)
Jewellery
 d - an amulet of faith (around mantle) {!P}
   (You found it on level 2 of the Dungeon)
 f - a +4 ring of protection (left tentacle)
   (You found it on level 1 of the Dungeon)
 B - a ring of fire
   (You took it off a gnoll on level 5 of the Dungeon)
 C - a ring of flight (right tentacle)
   (You found it on level 5 of the Dungeon)
Wands
 t - a wand of paralysis (10)
   (You found it on level 3 of the Dungeon)
 x - a wand of polymorph (15)
   (You took it off an orc on level 4 of the Dungeon)
Scrolls
 e - 6 scrolls of teleportation {unknown}
 j - 4 scrolls of identify {unknown}
 m - 2 scrolls of enchant weapon {unknown}
 n - a scroll of summoning {unknown}
 o - 3 scrolls of torment {unknown}
 r - 4 scrolls of amnesia {unknown}
 u - a scroll of fear {unknown}
 v - 2 scrolls of vulnerability {unknown}
 w - a scroll of holy word {unknown}
 y - 2 scrolls of magic mapping {unknown}
 D - a scroll of enchant armour {unknown}
 F - a scroll of fog {unknown}
 H - a scroll of immolation {unknown}
Potions
 a - 4 potions of magic
 b - 4 potions of curing {unknown}
 g - a potion of cancellation {unknown}
 h - 2 potions of flight {unknown}
 i - 5 potions of brilliance {unknown}
 k - 5 potions of might {unknown}
 l - 2 potions of resistance {unknown}
 q - 2 potions of mutation {unknown}
 s - 3 potions of haste {unknown}
 z - 3 potions of lignification {unknown}
 A - a potion of heal wounds {unknown}
 G - a potion of attraction {unknown}

Dungeon Overview and Level Annotations

Branches:
Dungeon (6/15)              Sewer (visited)
 Temple: D:4-7

Altars:
Sif Muna
Yredelemnul

Shops:
D:5 [   D:6 (([!

#$.....# #....5o#
#...∩.o #..... ###
#.... #.. ... #.# #.#
##.########o######...
#.....!o..OD.@......#
#..#####..#.........#
#..# #..#######...#
#..# #..# ..# #.O#
#..# # #..#####..##
#...........
####..#####...o
..#...## #


You could see a two-headed ogre, an acid dragon (catching breath), an orc priest
and an orc.


Message History

You lost 2 mp, and now have 12/16 mp.
Something hits you. Something shocks you.
HP[-8] MP[-1]
You take 8 damage, and now have 34/51 hp.
You lost 1 mp, and now have 11/16 mp.
The searing ray hits something.
Sif Muna accepts your kill.
Reactivating autopickup.
You feel a bit more experienced.
Your Invocations skill increases to level 2!
You start resting.
HP[+5] MP[+5]
You regained 5 hp, and now have 39/51 hp.
Your mp is fully restored (16).
You start resting.
HP[+12]
Your hp is fully restored (51).
You see here a sky beast corpse.
Things that are here:
a +0 falchion {long}; a +0 leather armour; the human skeleton of Eustachio You see here a +0 ring mail.
A sourceless malevolence fills the Dungeon...
You are sucked into a shaft and drop 3 floors!
The shaft crumbles and collapses.
A centaur simulacrum and a white imp come into view.
Found a stone staircase leading down.
Casting: Searing Ray (safe; 1% risk of failure)
Confirm with . or Enter, or press ? or * to list all spells.
Aiming: Searing Ray (safe; 1% risk of failure)
Press: ? - help, Shift-Dir - straight line The searing ray hits the white imp!
The white imp shouts! (Press . to maintain the ray.) MP[-2]
You lost 2 mp, and now have 14/16 mp.
The searing ray hits the white imp!
You kill the white imp!
Sif Muna accepts your kill.
MP[-1]
You lost 1 mp, and now have 13/16 mp.
Casting: Searing Ray (safe; 1% risk of failure)
Confirm with . or Enter, or press ? or * to list all spells.
Aiming: Searing Ray (safe; 1% risk of failure)
Press: ? - help, Shift-Dir - straight line The searing ray hits the centaur simulacrum. (Press . to maintain the ray.) MP[-2]
You lost 2 mp, and now have 11/16 mp.
Casting: Searing Ray (safe; 1% risk of failure)
Confirm with . or Enter, or press ? or * to list all spells.
Restarting spell: Searing Ray (safe; 1% risk of failure)
Press: ? - help, Shift-Dir - straight line The searing ray hits the centaur simulacrum!
Sif Muna accepts your kill. (Press . to maintain the ray.) MP[-2]
You lost 2 mp, and now have 9/16 mp.
You start resting.
A two-headed ogre comes into view.
It is wielding a +0 giant club and a +0 giant spiked club.
MP[+3]
You regained 3 mp, and now have 12/16 mp.
MP[+1] MP[+1]
An orc priest comes into view. It is wielding a +0 dagger.
An orc comes into view. It is wielding a +0 short sword.
MP[+1]
The orc priest miscasts a cantrip.
MP[+1]
Your mp is fully restored (16).
An acid dragon comes into view.
You see here a coppery potion. 3 orcs come into view.
A white imp comes into view.
The white imp shouts!
The orc shouts! x2
The acid dragon bites you. The acid dragon claws you.
The white imp sputters.
The orc shouts!
You hear an angry hiss.
HP[-4]
You take 4 damage, and now have 47/51 hp.
The acid dragon barely misses you. x2
Casting: Searing Ray (safe; 1% risk of failure)
Confirm with . or Enter, or press ? or * to list all spells.
You erupt in a blast of force!
The mystic blast hits the acid dragon.
You hear a shout! x3
The acid dragon spits acid at you. The splash of acid hits you!!
Ouch! That really hurt!
* * * LOW HITPOINT WARNING * * *
The acid corrodes you!
HP[-30] MP[-4]
You take 30 damage, and now have 17/51 hp.
MASSIVE DAMAGE!! (PAUSE)
You lost 4 mp, and now have 12/16 mp.
The acid dragon attacks as you move away!
The acid dragon closely misses you. The acid dragon claws you.
* * * LOW HITPOINT WARNING * * *
The acid dragon spits acid at you. The splash of acid hits you!!
Ouch! That really hurt!
You die...

Skill      XL: |  1  2  3  4  5  6  7  8  9 |
---------------+----------------------------+-----
Conjurations   | 5 6 7 9 11 | 11.5
Translocations | 1 2 3 4 |  4.0
Spellcasting   | 3 4 5 |  5.0
Shields        | 4 |  4.0
Invocations    | 2 |  2.0
Dodging        | |  2.0
Stealth        | |  2.6

Action                   |  1- 3 |  4- 6 |  7- 9 || total
-------------------------+-------+-------+-------++-------
Melee: Quick blade       |     3 |       |       ||     3
       Tentacles         |     1 |     5 |    10 ||    16
       Spear             |     1 |       |       ||     1
       Dagger            |       |    25 |    33 ||    58
       Constrict         |       |     6 |     3 ||     9
       Punch             |       |       |     1 ||     1
 Cast: Magic Dart        |    41 |   120 |   178 ||   339
       Searing Ray       |     1 |     8 |    37 ||    46
       Iskenderun's Myst |       |       |    26 ||    26
Invok: Channel Magic     |       |       |     1 ||     1
Armor: Skin              |     2 |    14 |    17 ||    33
Dodge: Dodged            |     4 |    25 |    51 ||    80
Block: Buckler           |       |       |     3 ||     3

Levels and vault maps discovered:
D:1:      dpeg_arrival_concentric_ovals, layout_loops_corners,
          nicolae_ecumenical_lake_church
D:2:      minmay_wonky_spiral, layout_loops_ring, basic_altar, uniq_jessica,
          uniq_robin, uniq_terence
D:3:      layout_basic, yredelemnul_forgotten_temple_becter, serial_undead,
          serial_undead_b, serial_undead_e, serial_undead_e, serial_undead_c,
          minmay_splitting_lines, mrwooster_statue_mirror,
          guppyfry_early_orc_mine
D:4:      layout_loops_ring
D:5:      layout_basic, serial_shops, nicolae_shop_statue_plus,
          portal_sewer_entry_f, st_stairs_6, serial_bayou_pond_b, abandoned_shop
D:6:      layout_loops_ring, serial_shops, nicolae_shop_bloodbath_and_beyond,
          nicolae_lakefront_shop, nicolae_shop_waterfront,
          nicolae_shop_statue_plus, hangedman_abyss_or_decor_stagger,
          uniq_eustachio
D:9:      layout_loops_ring, dpeg_lair_monsters, serial_ice, serial_ice_m,
          serial_ice_n, serial_ice_k, serial_ice_a

Notes
Turn   | Place    | Note
-------+----------+-------------------------------------------
     0 | D:1      | zeratav the Octopode Conjurer began the quest for the Orb.
     0 | D:1      | Reached XP level 1. HP: 11/11 MP: 3/3
     0 | D:1      | magus.rc [v1.9.6]
    39 | D:1      | c - a +0 quick blade {shortrare=g}
   139 | D:1      | c - a +0 quick blade (weapon) {shortrare=g}
   336 | D:1      | Found a faded altar of an unknown god.
   475 | D:1      | Reached XP level 2. HP: 14/17 MP: 0/5
   476 | D:1      | You drop a +0 quick blade {shortrare=g}.
   532 | D:1      | c - a +0 quick blade {shortrare=g}
   844 | D:1      | Learned a level 2 spell: Searing Ray
   894 | D:1      | Reached XP level 3. HP: 21/21 MP: 4/6
   939 | D:1      | Reached skill level 5 in Conjurations
  1238 | D:2      | Noticed Jessica
  1242 | D:2      | Killed Jessica
  1344 | D:2      | Reached XP level 4. HP: 22/27 MP: 4/7
  1574 | D:2      | Reached skill level 1 in Translocations
  1620 | D:2      | Found a shimmering blue altar of Sif Muna.
  1694 | D:2      | Became a worshipper of Sif Muna the Loreminder
  1797 | D:2      | Noticed Robin
  1875 | D:2      | Killed Robin
  1943 | D:2      | Reached XP level 5. HP: 31/31 MP: 3/8
  2066 | D:2      | You pick up a book of Flames and begin reading...
  2066 | D:2      | You add the spells Foxfire, Conjure Flame, Inner Flame and
                  | Flame Wave to your library.
  2165 | D:2      | Reached * piety under Sif Muna
  2215 | D:2      | Noticed Terence
  2224 | D:2      | Killed Terence
  3009 | D:3      | Reached skill level 6 in Conjurations
  3017 | D:3      | Reached skill level 2 in Translocations
  3227 | D:3      | Found a basalt altar of Yredelemnul.
  3413 | D:3      | Reached ** piety under Sif Muna
  3692 | D:4      | Reached skill level 3 in Spellcasting
  3692 | D:4      | Reached XP level 6. HP: 35/36 MP: 1/10
  4260 | D:4      | Noticed a black bear
  4266 | D:4      | Killed a black bear
  4267 | D:4      | Reached XP level 7. HP: 41/41 MP: 3/12
  4687 | D:4      | Reached skill level 7 in Conjurations
  4687 | D:4      | Reached skill level 3 in Translocations
  5305 | D:5      | Entered Level 5 of the Dungeon
  5312 | D:5      | Reached skill level 4 in Spellcasting
  5407 | D:5      | Found a glowing drain.
  5423 | Sewer    | Entered a sewer
  5618 | Sewer    | Reached *** piety under Sif Muna
  5793 | Sewer    | Reached XP level 8. HP: 46/46 MP: 10/14
  5936 | Sewer    | Reached skill level 8 in Conjurations
  5936 | Sewer    | Reached skill level 4 in Translocations
  6281 | Sewer    | Reached **** piety under Sif Muna
  6362 | Sewer    | HP: 11/46 [poisoned by a kobold brigand]
  6793 | D:5      | Learned a level 4 spell: Iskenderun's Mystic Blast
  7196 | D:5      | Reached skill level 5 in Spellcasting
  7493 | D:5      | Reached skill level 9 in Conjurations
  7980 | D:5      | Found Vootuob's Antique Armour Emporium.
  7985 | D:5      | Bought a buckler for 112 gold pieces
  8098 | D:6      | Found Vedamm's Antique Weapon Emporium.
  8119 | D:6      | Reached XP level 9. HP: 51/51 MP: 5/16
  8146 | D:6      | Reached skill level 1 in Shields
  8146 | D:6      | Reached skill level 10 in Conjurations
  8526 | D:6      | Reached skill level 2 in Shields
  8613 | D:6      | Found Usant's Distillery.
  8762 | D:6      | Found Doick's Weapon Shop.
  9067 | D:6      | Identified a +1 robe of the Archmagi
  9078 | D:6      | Reached skill level 3 in Shields
  9251 | D:6      | Found Ceawo's Antique Armour Shop.
  9322 | D:6      | Noticed Eustachio
  9457 | D:6      | Reached skill level 11 in Conjurations
  9855 | D:6      | Killed Eustachio
  9856 | D:6      | Reached skill level 1 in Invocations
  9916 | D:6      | Reached skill level 4 in Shields
 10024 | D:6      | Reached skill level 2 in Invocations
 10275 | D:6      | You are sucked into a shaft and drop 3 floors!
 10300 | D:9      | Noticed a two-headed ogre
 10334 | D:9      | Killed from afar by an acid dragon

Vanquished Creatures
  A wraith (D:6)
  Eustachio (D:6)
  2 water moccasins
  3 sky beasts (D:6)
  2 black bears
  2 ice beasts
  3 phantoms
  3 kobold brigands (Sewer)
  A gnoll sergeant (D:5)
  A scorpion (D:4)
  A necrophage (D:5)
  9 wights
  2 howler monkeys (D:6)
  2 hounds
  2 orc priests
  Jessica (D:2)
  3 orc wizards
  Terence (D:2)
  3 iguanas
  A centaur simulacrum (D:9)
  A hound skeleton (D:3)
  Robin (D:2)
  12 adders
  10 gnolls
  5 river rats (Sewer)
  2 shadow imps (D:6)
  A white imp (D:9)
  2 adder skeletons (D:3)
  A worm (D:2)
  2 dart slugs
  9 orcs
  19 ball pythons
  5 bats
  8 endoplasms
  4 giant cockroaches
  13 hobgoblins
  5 jackals
  18 kobolds
  6 quokkas
  4 frilled lizards
  19 goblins
  2 quokka skeletons (D:3)
  28 rats
  A spectral orc (D:3)
222 creatures vanquished.

Vanquished Creatures (others)
  2 plants (D:5)
2 creatures vanquished.

Grand Total: 224 creatures vanquished

Table legend:
 A = Non-vault XP
 B = Vault XP
 C = Vault XP percentage of total XP
 D = Non-vault monster count
 E = Vault monster count
 F = Vault count percentage of total count
                 A         B        C        D         E       F
            +---------+---------+-------+---------+---------+-------
      Total |    3497 |     932 |  21.0 |     125 |      97 |  43.7
            +---------+---------+-------+---------+---------+-------
        D:1 |      41 |       0 |   0.0 |      24 |       0 |   0.0
        D:2 |      90 |     113 |  55.7 |      22 |      16 |  42.1
        D:3 |      68 |      47 |  40.9 |      16 |      13 |  44.8
        D:4 |     651 |       0 |   0.0 |      23 |       0 |   0.0
        D:5 |     832 |     101 |  10.8 |      16 |       9 |  36.0
        D:6 |    1815 |     203 |  10.1 |      24 |       1 |   4.0
        D:9 |       0 |      36 | 100.0 |       0 |       2 | 100.0
      Sewer |       0 |     432 | 100.0 |       0 |      56 | 100.0
            +---------+---------+-------+---------+---------+-------

Illustrated notes

Table legend:
 A = Kills in this place as a percentage of kills in entire the game.
 B = Kills by you in this place as a percentage of kills by you in the entire game.
 C = Kills by friends in this place as a percentage of kills by friends in the entire game.
 D = Other kills in this place as a percentage of other kills in the entire game.
 E = Experience gained in this place as a percentage of experience gained in the entire game.
 F = Experience gained in this place divided by the number of levels of this place that you have seen.
                   A       B       C       D       E      F
               +-------+-------+-------+-------+-------+----------------------
         Total | 100.0 | 100.0 |   N/A |   N/A | 100.0 | 553.6
       Dungeon |  74.8 |  74.8 |   N/A |   N/A |  90.2 | 571.0
         Sewer |  25.2 |  25.2 |   N/A |   N/A |   9.8 | 432.0
               +-------+-------+-------+-------+-------+----------------------

Table legend: (Time is in decaauts)
 A = Elapsed time spent in this place.
 B = Non-inter-level travel time spent in this place.
 C = Inter-level travel time spent in this place.
 D = Time resting spent in this place.
 E = Time spent auto-exploring this place.
 F = Levels seen in this place.
 G = Mean time per level.
                   A        B        C        D        E       F      G
               +--------+--------+--------+--------+--------+-----+--------+
         Total |  10339 |  10131 |    208 |   2713 |   5940 |   8 | 1292.4 |
       Dungeon |   9002 |   8794 |    208 |   2217 |   5283 |   7 | 1286.0 |
         Sewer |   1336 |   1336 |      0 |    496 |    657 |   1 | 1336.0 |
               +--------+--------+--------+--------+--------+-----+--------+

Top non-repeatable levels by time:
     D:5: 1867 daAuts
     D:6: 1774 daAuts
     D:3: 1405 daAuts
     D:2: 1369 daAuts
   Sewer: 1336 daAuts
     D:4: 1292 daAuts
     D:1: 1235 daAuts
     D:9: 58 daAuts
